 Dungeon Crawl Stone Soup version 0.18-a0-1126-ga2d7f46 (webtiles) character file.

189 M4edhros the Sneak (level 5, -4/33 HPs)
             Began as an Octopode Artificer on Jan 20, 2016.
             Slain by Situis's ghost (15 damage)
             ... on level 4 of the Dungeon.
             The game lasted 00:05:58 (1751 turns).

M4edhros the Sneak (Octopode Artificer)             Turns: 1751, Time: 00:05:58

Health: -4/33      AC:  1    Str: 14    XL:     5   Next: 68%
Magic:  8/8        EV: 13    Int: 18    God:
Gold:   78         SH:  0    Dex: 12    Spells: 0 memorised, 4 levels left

rFire  . . .     SeeInvis +     a - +0 short sword
rCold  . . .     Gourm    .     (no shield)
rNeg   + . .     Faith    .     (helmet restricted)
rPois  .         Spirit   .     g - amulet of magic regeneration
rElec  .         Dismiss  .     e - +3 ring of intelligence
rCorr  .         Reflect  .     h - ring of see invisible
SustAt .         Harm     .     l - ring of positive energy
MR     .....                    o - +3 ring of strength
Stlth  ++++......               (no ring)
                                (no ring)
                                (no ring)
                                (no ring)

@: not resistant to hostile enchantments, stealthy
A: almost no armour, amphibious, 8 rings, constrict 8, camouflage 1, gelatinous
body 1
a: no special abilities


You were on level 4 of the Dungeon.
You were not hungry.

You visited 1 branch of the dungeon, and saw 4 of its levels.

You collected 78 gold pieces.

Inventory:

Hand Weapons
 a - a +0 short sword (weapon)
Missiles
 i - 90 stones (quivered)
 p - 5 tomahawks
Jewellery
 e - a +3 ring of intelligence (left tentacle)
 g - an amulet of magic regeneration (around mantle)
 h - a ring of see invisible (right tentacle)
 l - a ring of positive energy (on tentacle)
 o - a +3 ring of strength (on tentacle)
Wands
 b - a wand of flame (4/48)
 c - a wand of enslavement (13/24)
 d - a wand of random effects (6/48)
Scrolls
 m - 2 scrolls of recharging {unknown}
 q - a scroll of blinking {unknown}
 r - a scroll of enchant weapon {unknown}
 s - a scroll of fear {unknown}
 t - a scroll of enchant armour {unknown}
 u - a scroll of fog {unknown}
Potions
 j - a potion of heal wounds {unknown}
 k - a potion of curing {unknown}
 n - a potion of flight {unknown}
 w - a potion of brilliance {unknown}
Comestibles
 f - a bread ration
 v - a chunk of flesh


   Skills:
 - Level 1.0 Fighting
 - Level 1.0 Short Blades
 * Level 3.6 Dodging
 * Level 5.1 Stealth
 + Level 4.3 Evocations


You had 4 spell levels left.
You didn't know any spells.

Dungeon Overview and Level Annotations

Branches:
Dungeon (4/15)
 Temple: D:4-7

Altars:
Sif Muna

Annotations:
D:3 Purgy
D:4 Situis's ghost, amateur GrFi


Innate Abilities, Weirdness & Mutations

You cannot wear most types of armour.
You are amphibious.
You can wear up to eight rings at the same time.
You can use your tentacles to constrict eight enemies at once.
Your skin changes colour to match your surroundings (Stealth).
Your rubbery body absorbs attacks (AC +1).


Message History

Aim: Situis's ghost (severely damaged)
The puff of flame hits Situis's ghost.
Situis's ghost is almost destroyed.
This wand has 6 charges left.
Situis's ghost hits you.
Evoke which item? (* to show all) (? for menu, Esc to quit)
Zapping:
b - a wand of flame (6/48)
Press: ? - help, Shift-Dir - straight line, f/p - Situis's ghost
Aim: Situis's ghost (almost destroyed)
The puff of flame hits Situis's ghost.
Situis's ghost appears unharmed.
Situis's ghost is almost destroyed.
This wand has 5 charges left.
Situis's ghost hits you!
Ouch! That really hurt!
Evoke which item? (* to show all) (? for menu, Esc to quit)
Zapping:
b - a wand of flame (5/48)
Press: ? - help, Shift-Dir - straight line, f/p - Situis's ghost
Aim: Situis's ghost (almost destroyed)
The puff of flame hits Situis's ghost.
Situis's ghost appears unharmed.
Situis's ghost is almost destroyed.
This wand has 4 charges left.
Situis's ghost hits you!
You die...

....# #......#......
.....## ###...........
....... ##.##........
....... ##............
....... #.............
.......## ##..#..........
........### #..##..........
.......#WW###..###.........
...[..####@...## ##........
...... #.....## ##.......
...W. #......## #..#####
..... #.......###### # ....
#.........#### ....
#.............+
##............[#
#............#.##
##.............#.#####


You could see a phantom and Situis's ghost.

Vanquished Creatures
  A hound (D:4)
  Terence (D:2)
  3 adders (D:2)
  4 gnolls (D:2)
  2 oozes
  3 giant geckos
  2 orcs
  A giant cockroach (D:1)
  6 goblins
  2 hobgoblins (D:2)
  3 jackals (D:4)
  2 bats (D:2)
  A giant gecko skeleton (D:4)
  4 giant newts
  11 kobolds
  2 rats (D:1)
48 creatures vanquished.

Vanquished Creatures (collateral kills)
  3 orcs (D:3)
  A hobgoblin (D:2)
  A giant newt (D:2)
5 creatures vanquished.

Vanquished Creatures (others)
  Natasha (D:2)
1 creature vanquished.

Grand Total: 54 creatures vanquished

Notes
Turn   | Place    | Note
--------------------------------------------------------------
     0 | D:1      | M4edhros the Octopode Artificer began the quest for the Orb.
     0 | D:1      | Reached XP level 1. HP: 13/13 MP: 3/3
   150 | D:1      | Reached XP level 2. HP: 9/18 MP: 4/4
   901 | D:2      | Reached XP level 3. HP: 21/23 MP: 5/5
   912 | D:2      | Noticed Terence
   923 | D:2      | Killed Terence
   923 | D:2      | Reached XP level 4. HP: 23/28 MP: 6/6
   958 | D:2      | Reached skill level 4 in Stealth
  1147 | D:2      | Noticed Natasha
  1161 | D:2      | Your ally died
  1173 | D:2      | Reached XP level 5. HP: 22/33 MP: 6/8
  1304 | D:3      | Noticed Purgy
  1486 | D:4      | Found a deep blue altar of Sif Muna.
  1521 | D:4      | Reached skill level 5 in Stealth
  1740 | D:4      | Noticed Situis's ghost (amateur GrFi)
  1743 | D:4      | Noticed a phantom
  1751 | D:4      | Slain by Situis's ghost

Vault maps used:
D:1:      wheals_arrival_shading
D:2:      uniq_sigmund, uniq_terence, uniq_natasha
D:3:      lemuel_round_altar, minitemple, uniq_purgy
D:4:      kennysheep_mini_moat, minmay_temple_entry_enclosed_plants,
          first_bread, serial_shops, kennysheep_mini,
          nicolae_tso_carved_into_rock, uniq_grinder

Action                   |  1- 3 |  4- 6 || total
-------------------------+-------+-------++-------
Melee: Short sword       |    42 |    47 ||    89
Evoke: Wand              |     2 |    20 ||    22
 Stab: Sleeping          |     6 |     7 ||    13
       Distracted        |       |     1 ||     1
  Eat: Chunk             |       |     3 ||     3
